 Dungeon Crawl Stone Soup version 0.31-a0-426-g3a05650e59 (webtiles) character file.

Game seed: 5207285418134013250

156 quinnr the Gusty (level 5, 0/28 HPs)
             Began as a Tengu Air Elementalist on July 30, 2023.
             Slain by a quokka (1 damage)
             ... summoned by Eustachio
             ... on level 4 of the Dungeon.
             The game lasted 00:07:43 (4360 turns).

quinnr the Gusty (Tengu Air Elementalist)           Turns: 4360, Time: 00:07:43

Health: 0/28       AC:  2    Str:  8    XL:     5   Next: 38%
Magic:  5/9        EV: 19    Int: 18    God:
Gold:   142        SH:  0    Dex: 14    Spells: 3/8 levels left

rFire   . . .        e - +1 dagger (venom)
rCold   . . .        (no shield)
rNeg    . . .        a - +0 robe
rPois   .            (helmet restricted)
rElec   .            (no cloak)
rCorr   .            (no gloves)
SInv    .            (boots unavailable)
Will    .....        (no amulet)
Stlth   ++           E - +5 ring of evasion
HPRegen 0.24/turn    (no ring)
MPRegen 0.11/turn

%: no passive effects
@: flying quickly and evasively, quick
A: beak, talons 3, nimble flight
a: no special abilities


You were on level 4 of the Dungeon.
You visited 1 branch of the dungeon, and saw 4 of its levels.

You collected 164 gold pieces.
You spent 22 gold pieces at shops.


Innate Abilities, Weirdness & Mutations

You have a beak for a mouth.
You have claws for feet.
Your magical nature lets you fly swiftly and evasively.


   Skills:
 - Level 2.1 Dodging
 + Level 3.7 Stealth
 - Level 2.0 Spellcasting
 - Level 1.3 Conjurations
 * Level 6.7 Air Magic


You had 3 spell levels left.
You knew the following spells:

 Your Spells              Type           Power      Damage    Failure   Level
a - Airstrike             Air            13%        2d(2-18)  12%         4
z - Shock                 Conj/Air       64%        1d7       3%          1

Your spell library contained the following spells:

 Spells                   Type           Power      Damage    Failure   Level
 Swiftness                Air            26%        N/A       3%          3
 Static Discharge         Conj/Air       32%        2-4/arc   5%          2
 Lesser Beckoning         Tloc           2%         N/A       26%         2
 Gell's Gravitas          Tloc           1%         N/A       47%         3
 Teleport Other           Tloc           1%         N/A       47%         3

Inventory:

Hand Weapons
 e - a +1 dagger of venom (weapon)
Armour
 a - a +0 robe (worn)
Magical Staves
 k - a staff of earth {!a}
 q - a staff of conjuration {!a}
Jewellery
 E - a +5 ring of evasion (left hand)
Wands
 s - a wand of charming (12)
Scrolls
 c - a scroll of fog {unknown}
 d - a scroll of fear {unknown}
 f - a scroll of poison {unknown}
 i - a scroll of vulnerability {unknown}
 l - a scroll of enchant weapon {unknown}
 m - 2 scrolls of teleportation {unknown}
Potions
 b - a potion of magic
 g - a potion of cancellation {unknown}
 j - 2 potions of heal wounds {unknown}
 n - a potion of brilliance {unknown}
 o - a potion of mutation {unknown}

Dungeon Overview and Level Annotations

Branches:
Dungeon (4/15)
 Temple: D:4-7

Altars:

Shops:
D:3 *

Annotations:
D:4 Eustachio, Natasha

#........#.#.#.#
#.#..
#........#.#.#.#
#.#..
#...5##+##.#.# .
#.#.. #....##
#.#####....
#.....#
#.......#.#
#.....#
###.###.#.#
#....5#
#(......#.#
###@rr#
#...#......
#.r@# #. #.#<#.#
##### #.#.#.# #.
#.#.#.# #..
#...#.#
#..####......
#............
#....#......#
#...........#
#....#......#


You could see Eustachio, a crimson imp (summoned), a river rat (summoned), a
white imp (summoned), a quokka (summoned) and a rat (summoned).


Message History

Eustachio is moderately wounded.
The zap hits the white imp.
The white imp is lightly wounded.
The quokka misses you. The river rat closely misses you.
Casting: Shock (safe; 3% risk of failure)
Confirm with . or Enter, or press ? or * to list all spells.
Aiming: Shock (safe; 3% risk of failure)
Press: ? - help, Shift-Dir - straight line The zap hits Eustachio.
Eustachio is moderately wounded.
The quokka barely misses you.
Eustachio mumbles some strange words.
Eustachio blinks!
The river rat bites you!
* * * LOW HITPOINT WARNING * * *
Casting: Shock (safe; 3% risk of failure)
Confirm with . or Enter, or press ? or * to list all spells.
Aiming: Shock (safe; 3% risk of failure)
Press: ? - help, Shift-Dir - straight line The zap misses the rat.
The zap hits the quokka.
The quokka is severely wounded.
The quokka bites you.
* * * LOW HITPOINT WARNING * * *
The rat closely misses you. The river rat bites you.
* * * LOW HITPOINT WARNING * * *
The quokka misses you.
Unknown command.
You feel better. The river rat bites you!
* * * LOW HITPOINT WARNING * * *
The rat misses you. The quokka bites you.
You die...

Skill      XL: |  1  2  3  4 |
---------------+-------------+-----
Air Magic      | 5 6 |  6.7
Stealth        | 3 |  3.7
Dodging        | |  2.1
Spellcasting   | |  2.0
Conjurations   | |  1.3

Action                     |  1- 3 |  4- 6 || total
---------------------------+-------+-------++-------
  Melee: Unarmed           |     7 |       ||     7
         Kick              |     3 |     1 ||     4
         Peck              |     1 |     2 ||     3
         Dagger            |       |     7 ||     7
         Staff             |       |     2 ||     2
   Cast: Shock             |    74 |   108 ||   182
         Airstrike         |       |     2 ||     2
    Use: Potion            |       |     3 ||     3
         Scroll            |       |     2 ||     2
 Armour: Robe              |     4 |     1 ||     5
  Dodge: Dodged            |    18 |    52 ||    70

Levels and vault maps discovered:
D:1:      dpeg_arrival_rhombi, layout_basic
D:2:      layout_basic, minmay_rat_gold_closets
D:3:      layout_basic, serial_shops, shop, serial_bayou, serial_bayou_pond_c,
          serial_bayou_shore_b, serial_bayou_lake_a, serial_bayou_crossing
D:4:      layout_basic, uniq_eustachio, uniq_natasha

Notes
Turn   | Place    | Note
-------+----------+-------------------------------------------
     0 | D:1      | quinnr the Tengu Air Elementalist began the quest for the
                  | Orb.
     0 | D:1      | Reached XP level 1. HP: 10/10 MP: 4/4
   194 | D:1      | Reached XP level 2. HP: 15/15 MP: 3/6
   821 | D:1      | Reached skill level 5 in Air Magic
   843 | D:1      | Reached XP level 3. HP: 19/19 MP: 4/7
  1599 | D:2      | Reached skill level 3 in Stealth
  1599 | D:2      | Reached XP level 4. HP: 24/24 MP: 2/8
  2675 | D:3      | Reached skill level 6 in Air Magic
  3208 | D:4      | Noticed Natasha
  3481 | D:3      | Found Basasogh's General Store.
  3543 | D:3      | Bought a scroll of identify for 22 gold pieces
  3566 | D:3      | Learned a level 4 spell: Airstrike
  3612 | D:3      | Gained mutation: Your magical nature lets you fly swiftly
                  | and evasively. [Tengu growth]
  3612 | D:3      | Reached XP level 5. HP: 28/28 MP: 1/9
  4316 | D:4      | Noticed Eustachio
  4359 | D:4      | HP: 1/28 [river rat[Eustachio] (5)]
  4360 | D:4      | Slain by a quokka

Vanquished Creatures
  An orc priest (D:3)
  3 adders
  2 worms
  A dart slug (D:1)
  7 orcs
  9 ball pythons
  4 bats
  8 endoplasms
  3 giant cockroaches
  5 goblins
  6 hobgoblins
  4 jackals (D:1)
  8 kobolds
  A quokka (D:2)
  5 frilled lizards
  12 rats
79 creatures vanquished.

Table legend: (Time is in decaauts)
 A = Elapsed time spent in this place.
 B = Non-inter-level travel time spent in this place.
 C = Inter-level travel time spent in this place.
 D = Time resting spent in this place.
 E = Time spent auto-exploring this place.
 F = Levels seen in this place.
 G = Mean time per level.
                   A        B        C        D        E       F      G
               +--------+--------+--------+--------+--------+-----+--------+
         Total |   4309 |   4270 |     39 |    146 |   3575 |   4 | 1077.2 |
       Dungeon |   4309 |   4270 |     39 |    146 |   3575 |   4 | 1077.2 |
               +--------+--------+--------+--------+--------+-----+--------+

Top non-repeatable levels by time:
     D:1: 1389 daAuts
     D:3: 1305 daAuts
     D:2: 1245 daAuts
     D:4: 368 daAuts

Table legend:
 A = Non-vault XP
 B = Vault XP
 C = Vault XP percentage of total XP
 D = Non-vault monster count
 E = Vault monster count
 F = Vault count percentage of total count
                 A         B        C        D         E       F
            +---------+---------+-------+---------+---------+-------
      Total |     215 |       9 |   4.0 |      70 |       9 |  11.4
            +---------+---------+-------+---------+---------+-------
        D:1 |      48 |       0 |   0.0 |      26 |       0 |   0.0
        D:2 |      62 |       9 |  12.7 |      21 |       9 |  30.0
        D:3 |      98 |       0 |   0.0 |      20 |       0 |   0.0
        D:4 |       7 |       0 |   0.0 |       3 |       0 |   0.0
            +---------+---------+-------+---------+---------+-------

Levels and vault maps discovered:
D:1:      dpeg_arrival_rhombi, layout_basic
D:2:      layout_basic, minmay_rat_gold_closets
D:3:      layout_basic, serial_shops, shop, serial_bayou, serial_bayou_pond_c,
          serial_bayou_shore_b, serial_bayou_lake_a, serial_bayou_crossing
D:4:      layout_basic, uniq_eustachio, uniq_natasha
